 Dungeon Crawl Stone Soup version 0.31-a0-162-gc4c5a43528 (webtiles) character file.

Game seed: 9298596192094990295

655 qw the Chopper (level 7, -1/43 HPs)
             Began as a Gargoyle Fighter on June 12, 2023.
             Was an Initiate of Okawaru.
             Slain by an ogre
             ... wielding a +0 giant spiked club
              (4 damage)
             ... on level 5 of the Dungeon.
             The game lasted 00:02:18 (4323 turns).

qw the Chopper (Gargoyle Fighter)                   Turns: 4323, Time: 00:02:19

Health: -1/43      AC: 14    Str: 21    XL:     7   Next: 54%
Magic:  7/7        EV:  9    Int:  9    God:    Okawaru [......]
Gold:   204        SH:  4    Dex:  9    Spells: 6/6 levels left

rFire   . . .        Y - +1 war axe
rCold   . . .        c - +0 buckler
rNeg    + . .        b - +0 scale mail
rPois   inf          f - +2 helmet
rElec   +            (no cloak)
rCorr   .            (no gloves)
SInv    .            (no boots)
Will    .....        (no amulet) Stlth
                     (no ring)
HPRegen 0.27/turn    (no ring)
MPRegen 0.10/turn

%: no passive effects
@: no status effects
A: sickness immunity, AC +4, negative energy resistance 1, electricity
resistance, torment resistance 1, petrification resistance
a: Renounce Religion


You were on level 5 of the Dungeon.
You worshipped Okawaru.
Okawaru was noncommittal.
You visited 1 branch of the dungeon, and saw 5 of its levels.

You collected 204 gold pieces.


Innate Abilities, Weirdness & Mutations

You are immune to sickness and miasma.
Your stone body is resilient. (AC +4)
You are immune to poison.
You resist negative energy. (rN+)
You are resistant to electric shocks. (rElec)
You are resistant to unholy torment.
You are immune to petrification.


   Skills:
 + Level 4.0 Fighting
 - Level 7.0 Axes
 - Level 3.2 Armour
 - Level 1.2 Dodging
 - Level 3.2 Shields


You had 6 spell levels left.
You didn't know any spells.
Your spell library was empty.

Inventory:

Hand Weapons
 a - a +0 flail
 Y - a +1 war axe (weapon)
Armour
 b - a +0 scale mail (worn)
 c - a +0 buckler (worn)
 f - a +2 helmet (worn)
Jewellery
 i - an amulet of guardian spirit
Scrolls
 l - a scroll of enchant armour
 m - a scroll of identify
Potions
 d - a potion of might
 e - 4 potions of curing
 g - a potion of attraction
 h - a potion of magic {unknown}
 j - a potion of brilliance {unknown}
 k - a potion of haste

Dungeon Overview and Level Annotations

Branches:
Dungeon (5/15)
 Temple: D:4-7

Altars:
Okawaru
Qazlal
Sif Muna
The Shining One

Shops:
D:5 (


Message History

You slash the iguana!
The iguana is heavily wounded.
The iguana bites you but does no damage.
You hit the iguana.
The iguana is almost dead.
The iguana bites you but does no damage.
The iguana completely misses you.
You hit the iguana but do no damage.
The iguana is almost dead.
The iguana bites you but does no damage.
You slash the iguana!
You kill the iguana!
Okawaru accepts your kill.
Your Axes skill increases to level 7!
Found 8 stones.
You see here an iguana corpse.
Enter note: A hobgoblin zombie comes into view.
Enter note: You slash the hobgoblin zombie!
You destroy the hobgoblin zombie!
Okawaru accepts your kill.
An ogre comes into view. It is wielding a +0 giant spiked club.
Enter note: You barely miss the ogre.
The ogre hits you with a +0 giant spiked club!
You slash the ogre!
The ogre is moderately wounded.
The ogre hits you with a +0 giant spiked club!!
Ouch! That really hurt!
You hear an angry hiss.
You hit the ogre.
The ogre is heavily wounded.
The ogre barely misses you.
You slash the ogre!
The ogre is almost dead.
You closely miss the ogre.
The ogre is almost dead.
The ogre hits you with a +0 giant spiked club.
You die...

#. .# #.#### #.#.#
#....# #.#.###
##.#.######## #.#...#
...........(###.#...#
..............#.#..$#
.###%####..##...#...
##.#'#.#...###..#O#
#......##..# #..@.#
#..........# #..###
...._....... #......
##.....##..#.#......
##.....##..#.#.....
.#..+####....#......
####.####..#.#...#..#
.............#...#..#
.............#...# #


You could see an ogre.

Vanquished Creatures
  A black bear (D:3)
  An ogre (D:5)
  2 scorpions
  A sleepcap (D:5)
  An iron imp (D:5)
  3 iguanas
  2 orc wizards (D:4)
  6 adders
  A shadow imp (D:3)
  A white imp (D:3)
  2 worms
  5 dart slugs
  3 orcs
  9 endoplasms
  A giant cockroach (D:3)
  7 goblins
  11 hobgoblins
  5 jackals
  4 quokkas
  7 ball pythons
  4 bats
  6 frilled lizards
  2 goblin zombies (D:5)
  4 hobgoblin zombies (D:5)
  11 kobolds
  2 kobold skeletons (D:5)
  An orc skeleton (D:5)
  3 rats (D:2)
106 creatures vanquished.

Notes
Turn   | Place    | Note
-------+----------+-------------------------------------------
     0 | D:1      | qw the Gargoyle Fighter began the quest for the Orb.
     0 | D:1      | Reached XP level 1. HP: 14/14 MP: 1/1
     0 | D:1      | 0 ||| qw: Version: 0.2-a-29-gc1b59c4
     0 | D:1      | 0 ||| qw: Game counter: 4372
     0 | D:1      | 0 ||| qw: Always use a shield: true
     0 | D:1      | 0 ||| qw: God list: Okawaru
     0 | D:1      | 0 ||| qw: Allow faded altars: false
     0 | D:1      | 0 ||| qw: Do Orc after D:15 true
     0 | D:1      | 0 ||| qw: Do second Lair branch before Depths: true
     0 | D:1      | 0 ||| qw: Lair rune preference: random
     0 | D:1      | 0 ||| qw: Plans: Normal, Zot:1-4, Slime:5, God:TSO, Crypt,
                  | Tomb, Abyss, Pan, Hells, Win
     0 | D:1      | 0 ||| PLANNING D:1-11
    49 | D:1      | Reached skill level 2 in Axes
   168 | D:1      | Reached XP level 2. HP: 18/19 MP: 2/2
   174 | D:1      | 174 ||| Stepping ~*~*~tactically~*~*~ (hiding).
   585 | D:1      | Reached skill level 3 in Axes
   614 | D:1      | 614 ||| DROPPING +0 club.
   650 | D:1      | Reached XP level 3. HP: 23/23 MP: 3/3
   813 | D:1      | 813 ||| UPGRADING to +0 helmet.
   818 | D:1      | 818 ||| DROPPING amulet of magic regeneration.
   819 | D:1      | 819 ||| READING scroll labelled TIULUE LERR.
   820 | D:1      | 820 ||| READING scroll labelled VAMASTRO WULYCU.
   821 | D:1      | 821 ||| DRINKING 2 glowing red potions.
   891 | D:2      | Noticed a scorpion
   898 | D:2      | 898 ||| STAIRDANCE
   907 | D:1      | Killed a scorpion
   908 | D:1      | Reached skill level 4 in Axes
   908 | D:1      | Reached XP level 4. HP: 8/28 MP: 4/4
  1453 | D:2      | Reached XP level 5. HP: 32/32 MP: 5/5
  1613 | D:2      | 1613 ||| READING 3 scrolls of enchant armour.
  1613 | D:2      | 1613 ||| ENCHANTING +0 helmet.
  1614 | D:2      | 1614 ||| READING 2 scrolls of enchant armour.
  1614 | D:2      | 1614 ||| ENCHANTING +1 helmet.
  1678 | D:2      | 1678 ||| READING scroll labelled KESAGE YRAZ.
  1679 | D:2      | 1679 ||| READING scroll labelled ASUFOSHIBLA.
  1680 | D:2      | 1680 ||| READING scroll labelled DOIJIN UBEIPP.
  1718 | D:3      | 1718 ||| Stepping ~*~*~tactically~*~*~ (hiding).
  1719 | D:3      | 1719 ||| Stepping ~*~*~tactically~*~*~ (hiding).
  2168 | D:3      | 2168 ||| Stepping ~*~*~tactically~*~*~ (stealth).
  2181 | D:3      | Reached skill level 5 in Axes
  2655 | D:3      | 2655 ||| Stepping ~*~*~tactically~*~*~ (hiding).
  2793 | D:3      | 2793 ||| UPGRADING to amulet of guardian spirit.
  2798 | D:3      | 2798 ||| READING 2 scrolls labelled EXUULI ICKOE.
  2826 | D:4      | 2826 ||| PLANNING OSSUARY
  2923 | D:4      | 2923 ||| Stepping ~*~*~tactically~*~*~ (hiding).
  2926 | D:4      | 2926 ||| Stepping ~*~*~tactically~*~*~ (hiding).
  3030 | D:4      | 3030 ||| Stepping ~*~*~tactically~*~*~ (hiding).
  3059 | D:4      | Reached skill level 1 in Dodging
  3059 | D:4      | Reached XP level 6. HP: 27/38 MP: 6/6
  3063 | D:4      | Noticed a black bear
  3074 | D:4      | HP: 7/38 [black bear (3)]
  3075 | D:4      | 3075 ||| READING scroll of teleportation.
  3079 | D:4      | 3079 ||| FLEEEEING.
  3080 | D:4      | 3080 ||| FLEEEEING.
  3081 | D:4      | 3081 ||| FLEEEEING.
  3082 | D:4      | 3082 ||| FLEEEEING.
  3083 | D:4      | 3083 ||| FLEEEEING.
  3084 | D:4      | 3084 ||| FLEEEEING.
  3085 | D:4      | 3085 ||| FLEEEEING.
  3086 | D:4      | 3086 ||| FLEEEEING.
  3087 | D:4      | 3087 ||| FLEEEEING.
  3088 | D:4      | 3088 ||| FLEEEEING.
  3091 | D:4      | 3091 ||| FLEEEEING.
  3092 | D:4      | 3092 ||| FLEEEEING.
  3093 | D:4      | 3093 ||| FLEEEEING.
  3096 | D:4      | 3096 ||| FLEEEEING.
  3101 | D:4      | 3101 ||| FLEEEEING.
  3102 | D:4      | 3102 ||| FLEEEEING.
  3103 | D:4      | 3103 ||| FLEEEEING.
  3104 | D:4      | 3104 ||| FLEEEEING.
  3105 | D:4      | 3105 ||| FLEEEEING.
  3106 | D:4      | 3106 ||| FLEEEEING.
  3107 | D:4      | 3107 ||| FLEEEEING.
  3108 | D:4      | 3108 ||| FLEEEEING.
  3109 | D:4      | 3109 ||| FLEEEEING.
  3110 | D:4      | 3110 ||| FLEEEEING.
  3113 | D:4      | 3113 ||| FLEEEEING.
  3114 | D:4      | 3114 ||| FLEEEEING.
  3115 | D:4      | 3115 ||| FLEEEEING.
  3116 | D:4      | 3116 ||| STAIRDANCE
  3198 | D:3      | 3198 ||| READING 2 scrolls of identify.
  3198 | D:3      | 3198 ||| IDENTIFYING metallic grey potion
  3203 | D:4      | 3203 ||| STAIRDANCE
  3205 | D:3      | Killed a black bear
  3265 | D:4      | Identified the +1 robe of Day {rF- rN+++ Will++ Int-5}
  3279 | D:4      | 3279 ||| Stepping ~*~*~tactically~*~*~ (hiding).
  3387 | D:4      | 3387 ||| DROPPING +3 mace.
  3480 | D:4      | Reached skill level 6 in Axes
  3480 | D:4      | Reached XP level 7. HP: 43/43 MP: 5/7
  3525 | D:4      | 3525 ||| RIP OSSUARY
  3526 | D:4      | 3526 ||| PLANNING D:1-11
  3622 | D:4      | Found a shimmering blue altar of Sif Muna.
  3663 | D:4      | Found an iron altar of Okawaru.
  3664 | D:4      | 3664 ||| PLANNING OKAWARU WORSHIP
  3664 | D:4      | 3664 ||| READING scroll labelled ITYQEGR LUCRUA.
  3672 | D:4      | Became a worshipper of Warmaster Okawaru
  3672 | D:4      | 3672 ||| PLANNING D:1-11
  3673 | D:4      | 3673 ||| REMOVING amulet of guardian spirit.
  3716 | D:4      | 3716 ||| Stepping ~*~*~tactically~*~*~ (hiding).
  4142 | D:5      | Entered Level 5 of the Dungeon
  4185 | D:5      | Found a stormy altar of Qazlal.
  4198 | D:5      | 4198 ||| Stepping ~*~*~tactically~*~*~ (stealth).
  4199 | D:5      | 4199 ||| Stepping ~*~*~tactically~*~*~ (stealth).
  4208 | D:5      | Found Ninyacao's Weapon Shoppe.
  4213 | D:5      | 4213 ||| Stepping ~*~*~tactically~*~*~ (stealth).
  4214 | D:5      | 4214 ||| Stepping ~*~*~tactically~*~*~ (stealth).
  4233 | D:5      | 4233 ||| DRINKING 2 white potions.
  4244 | D:5      | 4244 ||| Stepping ~*~*~tactically~*~*~ (stealth).
  4258 | D:5      | Found a glowing golden altar of the Shining One.
  4260 | D:5      | 4260 ||| Stepping ~*~*~tactically~*~*~ (stealth).
  4262 | D:5      | 4262 ||| Stepping ~*~*~tactically~*~*~ (hiding).
  4300 | D:5      | Reached skill level 7 in Axes
  4320 | D:5      | HP: 2/43 [ogre/+0 giant spiked club (28)]
  4323 | D:5      | Slain by an ogre

Levels and vault maps discovered:
D:1:      dpeg_arrival_water_temple_mockup, layout_basic,
          kennysheep_minor_cross, minmay_tetromino_s4
D:2:      layout_basic
D:3:      layout_basic, minmay_increasing_density
D:4:      layout_cave_pods, lemuel_blue_sif_altar, okawaru_altar_gauntlet_db,
          nicolae_ossuary_entry_monument
D:5:      layout_basic, nicolae_overflow_hidden_temple,
          nicolae_tso_besieged_by_evil, mainiacjoe_overflow_brackets,
          kennysheep_mini_moat, serial_shops, shop

Skill      XL: |  1  2  3  4  5  6  7 |
---------------+----------------------+-----
Axes           | 2 3 4 5 6 7 |  7.0
Fighting       | 4 |  4.0
Dodging        | 1 |  1.2
Armour         | |  3.2
Shields        | |  3.2

Action                     |  1- 3 |  4- 6 |  7- 9 || total
---------------------------+-------+-------+-------++-------
  Melee: War axe           |    58 |   243 |    76 ||   377
    Use: Scroll            |     2 |     8 |     1 ||    11
         Potion            |     1 |       |     1 ||     2
 Armour: Scale mail        |    25 |   150 |    25 ||   200
  Dodge: Dodged            |    23 |   115 |    22 ||   160
  Block: Buckler           |     7 |    48 |     7 ||    62

Table legend:
 A = Non-vault XP
 B = Vault XP
 C = Vault XP percentage of total XP
 D = Non-vault monster count
 E = Vault monster count
 F = Vault count percentage of total count
                 A         B        C        D         E       F
            +---------+---------+-------+---------+---------+-------
      Total |     862 |      75 |   8.0 |      81 |      25 |  23.6
            +---------+---------+-------+---------+---------+-------
        D:1 |     111 |       3 |   2.6 |      19 |       2 |   9.5
        D:2 |      58 |       0 |   0.0 |      20 |       0 |   0.0
        D:3 |     209 |      12 |   5.4 |      12 |       7 |  36.8
        D:4 |     250 |      12 |   4.6 |      24 |       6 |  20.0
        D:5 |     234 |      48 |  17.0 |       6 |      10 |  62.5
            +---------+---------+-------+---------+---------+-------
